[ PARTIDA AOE2 · #477319297 ]
UnrankedArmenios vs Incas
[ ANÁLISIS DE REPETICIÓN · EXTRAÍDO DE LA PARTIDA GRABADA ]
Feudal
14:46
Castillos
20:29
Imperial
—
| APM promedio | 30.1 |
| APM pico | 64 |
| eAPM promedio | 18.2 |
| Aldeanos / militares | 51 / 6 |
Foco
⚔️ 23.6% · 🌾 76.4%
Fishing Ship ×11 · Spearman ×4 · Galley ×2
Feudal
11:54
Castillos
15:50
Imperial
—
| APM promedio | 41.0 |
| APM pico | 89 |
| eAPM promedio | 19.8 |
| Aldeanos / militares | 79 / 13 |
Foco
⚔️ 18.2% · 🌾 81.8%
Fishing Ship ×26 · Mangonel ×5 · Spearman ×4 · Monk ×2 · Galley ×1 · Fire Galley ×1
Feudal
12:11
Castillos
15:49
Imperial
—
| APM promedio | 53.3 |
| APM pico | 117 |
| eAPM promedio | 26.9 |
| Aldeanos / militares | 76 / 28 |
Foco
⚔️ 21.5% · 🌾 78.5%
Fishing Ship ×22 · Eagle Scout ×14 · Monk ×6 · Spearman ×6 · Mangonel ×2
Feudal
—
Castillos
—
Imperial
—
| APM promedio | 52.9 |
| APM pico | 73 |
| eAPM promedio | 25.7 |
| Aldeanos / militares | 76 / 17 |
Foco
⚔️ 35.6% · 🌾 64.4%
Knight ×17 · Fishing Ship ×5
Feudal
11:21
Castillos
14:52
Imperial
—
| APM promedio | 33.3 |
| APM pico | 59 |
| eAPM promedio | 18.6 |
| Aldeanos / militares | 92 / 13 |
Foco
⚔️ 26.2% · 🌾 73.8%
Monk ×6 · Mangonel ×3 · Scorpion ×2 · Battering Ram ×2
Feudal
11:01
Castillos
19:59
Imperial
—
| APM promedio | 59.5 |
| APM pico | 92 |
| eAPM promedio | 32.0 |
| Aldeanos / militares | 122 / 0 |
Foco
⚔️ 29.4% · 🌾 70.6%
Feudal
10:15
Castillos
20:47
Imperial
—
| APM promedio | 37.4 |
| APM pico | 69 |
| eAPM promedio | 25.7 |
| Aldeanos / militares | 108 / 4 |
Foco
⚔️ 24.2% · 🌾 75.8%
Spearman ×4
Feudal
12:15
Castillos
15:45
Imperial
—
| APM promedio | 45.7 |
| APM pico | 78 |
| eAPM promedio | 21.6 |
| Aldeanos / militares | 82 / 14 |
Foco
⚔️ 33.4% · 🌾 66.6%
Scout Cavalry ×7 · Mangonel ×3 · Knight ×2 · Battering Ram ×2
Mapa de la partida
Recursos iniciales + cada clic de construcción. Líneas = muros · curvas = relieve. ◆ oro · ⬟ piedra · ● bayas · ✦ reliquia · ◌ hueco del cierre
Tu base· ✓ Cerrada en 20:29 · 80t muro · sin puerta
Base de MembTV· Abierta — el rival se encerró
Base de Jammy_Dodger95· ✓ Cerrada en 15:49 · 6t muro · sin puerta
Base de RuFF Holland· ✓ Cerrada en 13:36 · 32t muro · frágil
Base de MatzeAoE· ✓ Cerrada en 14:52 · 13t muro · frágil
Base de danger_noodle42· Abierta — el rival se encerró
Base de Nervkeks· ✓ Cerrada en 20:47 · 27t muro · 2 puerta(s)
Base de Bobershealer· ✓ Cerrada en 15:45 · 25t muro · 2 puerta(s)
Terreno inicial suavizado · ◌ = hueco del cierre detectado · pasá el cursor para detalles
Inputs por minuto
— babelfisch - - MembTV
Build order — babelfisch
Primeras 150 de 161 acciones detectadas
| 0:01 | Crear | Villager (Male) |
| 0:01 | Crear | Villager (Male) |
| 0:01 | Crear | Villager (Male) |
| 0:02 | Construir | House |
| 0:04 | Construir | House |
| 0:19 | Crear | Villager (Male) |
| 0:21 | Investigar | Loom |
| 0:23 | Crear | Villager (Male) |
| 0:24 | Crear | Villager (Male) |
| 0:24 | Crear | Villager (Male) |
| 0:43 | Construir | Palisade Wall |
| 1:15 | Construir | Palisade Wall |
| 1:18 | Construir | Palisade Wall |
| 1:22 | Construir | Palisade Wall |
| 1:24 | Construir | Palisade Wall |
| 1:25 | Construir | Palisade Wall |
| 1:50 | Construir | Mule Cart |
| 2:14 | Crear | Villager (Male) |
| 3:05 | Crear | Villager (Male) |
| 3:24 | Crear | Villager (Male) |
| 3:52 | Crear | Villager (Male) |
| 4:03 | Construir | Palisade Wall |
| 4:37 | Construir | Palisade Wall |
| 4:40 | Construir | Palisade Wall |
| 4:41 | Construir | Palisade Wall |
| 4:41 | Construir | Palisade Wall |
| 4:49 | Construir | Palisade Wall |
| 4:53 | Construir | Palisade Wall |
| 4:54 | Construir | Palisade Wall |
| 4:56 | Construir | Palisade Wall |
| 5:03 | Construir | Palisade Wall |
| 5:05 | Crear | Villager (Male) |
| 5:05 | Crear | Villager (Male) |
| 5:12 | Construir | Palisade Wall |
| 5:33 | Construir | Palisade Wall |
| 5:34 | Construir | Palisade Wall |
| 5:35 | Construir | Palisade Wall |
| 5:35 | Construir | Palisade Wall |
| 5:44 | Crear | Villager (Male) |
| 5:54 | Construir | House |
| 5:56 | Construir | Mill |
| 6:17 | Crear | Villager (Male) |
| 6:42 | Crear | Villager (Male) |
| 7:18 | Construir | Palisade Gate |
| 7:53 | Crear | Villager (Male) |
| 8:07 | Crear | Villager (Male) |
| 8:41 | Construir | House |
| 8:51 | Crear | Villager (Male) |
| 8:53 | Crear | Villager (Male) |
| 9:11 | Construir | Palisade Wall |
| 9:14 | Crear | Villager (Male) |
| 9:31 | Crear | Villager (Male) |
| 9:51 | Construir | Dock |
| 9:53 | Crear | Villager (Male) |
| 10:11 | Construir | Palisade Wall |
| 10:11 | Construir | Palisade Wall |
| 10:19 | Crear | Villager (Male) |
| 10:25 | Construir | House |
| 10:28 | Crear | Villager (Male) |
| 10:36 | Crear | Villager (Male) |
| 10:36 | Crear | Villager (Male) |
| 10:36 | Crear | Villager (Male) |
| 11:08 | Crear | Fishing Ship |
| 11:16 | Crear | Villager (Male) |
| 11:38 | Crear | Fishing Ship |
| 11:53 | Construir | Palisade Wall |
| 11:53 | Construir | Palisade Wall |
| 11:54 | Construir | Palisade Wall |
| 11:54 | Construir | Palisade Wall |
| 11:56 | Construir | Palisade Wall |
| 11:56 | Construir | Palisade Wall |
| 12:15 | Crear | Fishing Ship |
| 12:25 | Investigar | Feudal Age |
| 12:40 | Construir | Mule Cart |
| 13:05 | Construir | Outpost |
| 13:09 | Construir | House |
| 14:11 | Construir | Mule Cart |
| 14:13 | Crear | Villager (Male) |
| 14:46 | Edad | Edad Feudal |
| 14:48 | Construir | Barracks |
| 14:50 | Crear | Villager (Male) |
| 15:06 | Construir | Stone Wall |
| 15:07 | Construir | Stone Wall |
| 15:08 | Construir | Stone Wall |
| 15:26 | Construir | Stone Wall |
| 15:52 | Crear | Villager (Male) |
| 15:59 | Construir | Stone Wall |
| 16:03 | Crear | Villager (Male) |
| 16:08 | Construir | Market |
| 16:10 | Construir | Blacksmith |
| 16:21 | Crear | Villager (Male) |
| 16:52 | Construir | Stone Wall |
| 16:58 | Crear | Villager (Male) |
| 17:01 | Construir | Mule Cart |
| 17:17 | Crear | Fishing Ship |
| 17:17 | Crear | Fishing Ship |
| 17:18 | Crear | Fishing Ship |
| 17:20 | Construir | House |
| 17:49 | Investigar | Castle Age |
| 18:04 | Construir | Dock |
| 18:13 | Crear | Fishing Ship |
| 18:28 | Construir | Stone Wall |
| 18:30 | Construir | Stone Wall |
| 18:46 | Crear | Fishing Ship |
| 18:49 | Crear | Fishing Ship |
| 18:53 | Construir | Mule Cart |
| 19:06 | Crear | Fishing Ship |
| 19:07 | Crear | Fishing Ship |
| 19:21 | Construir | Fish Trap |
| 19:22 | Construir | Fish Trap |
| 19:23 | Construir | Fish Trap |
| 19:45 | Construir | House |
| 20:03 | Construir | House |
| 20:04 | Construir | House |
| 20:05 | Construir | House |
| 20:05 | Construir | House |
| 20:13 | Crear | Villager (Male) |
| 20:29 | Edad | Edad de los Castillos |
| 20:32 | Construir | Farm |
| 20:33 | Construir | Farm |
| 20:33 | Construir | Farm |
| 20:34 | Construir | Farm |
| 20:35 | Construir | Farm |
| 20:37 | Construir | Farm |
| 20:52 | Crear | Villager (Male) |
| 21:02 | Construir | Fish Trap |
| 21:05 | Construir | Fish Trap |
| 21:25 | Construir | Fish Trap |
| 21:27 | Crear | Villager (Male) |
| 21:50 | Crear | Villager (Male) |
| 21:59 | Construir | Farm |
| 22:08 | Investigar | Pikeman (upgrade) |
| 22:10 | Crear | Villager (Male) |
| 22:14 | Construir | Fish Trap |
| 22:28 | Crear | Villager (Male) |
| 22:33 | Crear | Galley |
| 22:36 | Crear | Galley |
| 22:37 | Crear | Villager (Male) |
| 22:43 | Crear | Villager (Male) |
| 22:57 | Crear | Spearman |
| 23:14 | Crear | Villager (Male) |
| 23:25 | Crear | Spearman |
| 23:25 | Crear | Spearman |
| 23:26 | Crear | Spearman |
| 24:20 | Crear | Villager (Male) |
| 24:20 | Crear | Villager (Male) |
| 24:36 | Construir | Town Center |
| 25:00 | Crear | Villager (Male) |
| 25:05 | Investigar | Double-Bit Axe |
| 25:21 | Crear | Villager (Male) |
Build order — MembTV
Primeras 150 de 191 acciones detectadas
| 0:01 | Crear | Villager (Male) |
| 0:01 | Crear | Villager (Male) |
| 0:01 | Crear | Villager (Male) |
| 0:02 | Construir | House |
| 0:13 | Crear | Villager (Male) |
| 1:11 | Crear | Villager (Male) |
| 1:46 | Construir | Settlement |
| 2:01 | Crear | Villager (Male) |
| 2:12 | Crear | Villager (Male) |
| 2:12 | Crear | Villager (Male) |
| 2:49 | Crear | Villager (Male) |
| 3:10 | Crear | Villager (Male) |
| 3:10 | Crear | Villager (Male) |
| 3:27 | Crear | Villager (Male) |
| 3:27 | Crear | Villager (Male) |
| 3:42 | Crear | Villager (Male) |
| 3:42 | Crear | Villager (Male) |
| 4:31 | Construir | Dock |
| 4:36 | Crear | Villager (Male) |
| 4:44 | Crear | Villager (Male) |
| 4:44 | Crear | Villager (Male) |
| 5:11 | Crear | Villager (Male) |
| 5:11 | Crear | Villager (Male) |
| 5:31 | Crear | Villager (Male) |
| 5:40 | Crear | Fishing Ship |
| 5:48 | Crear | Villager (Male) |
| 5:48 | Crear | Villager (Male) |
| 5:57 | Crear | Villager (Male) |
| 6:14 | Crear | Villager (Male) |
| 6:17 | Crear | Fishing Ship |
| 6:43 | Crear | Fishing Ship |
| 7:07 | Crear | Villager (Male) |
| 7:19 | Construir | Settlement |
| 7:20 | Crear | Villager (Male) |
| 7:34 | Construir | House |
| 7:39 | Investigar | Loom |
| 7:48 | Crear | Villager (Male) |
| 8:02 | Crear | Villager (Male) |
| 8:04 | Crear | Fishing Ship |
| 8:21 | Crear | Villager (Male) |
| 8:38 | Crear | Villager (Male) |
| 8:52 | Crear | Villager (Male) |
| 9:08 | Crear | Villager (Male) |
| 9:17 | Investigar | Feudal Age |
| 10:14 | Crear | Fishing Ship |
| 11:12 | Crear | Villager (Male) |
| 11:47 | Construir | Palisade Wall |
| 11:54 | Edad | Edad Feudal |
| 11:58 | Crear | Galley |
| 12:02 | Crear | Villager (Male) |
| 12:06 | Construir | Market |
| 12:25 | Crear | Villager (Male) |
| 12:28 | Construir | Blacksmith |
| 12:38 | Crear | Fire Galley |
| 12:56 | Construir | House |
| 13:04 | Investigar | Double-Bit Axe |
| 13:10 | Investigar | Castle Age |
| 13:22 | Crear | Fishing Ship |
| 14:10 | Investigar | Gold Mining |
| 14:31 | Crear | Villager (Male) |
| 14:35 | Crear | Fishing Ship |
| 14:48 | Construir | House |
| 14:55 | Crear | Villager (Male) |
| 15:02 | Construir | Settlement |
| 15:50 | Edad | Edad de los Castillos |
| 16:01 | Construir | Siege Workshop |
| 16:09 | Construir | Barracks |
| 16:10 | Crear | Villager (Male) |
| 16:25 | Construir | Siege Workshop |
| 16:32 | Crear | Villager (Male) |
| 16:40 | Investigar | Bow Saw |
| 16:40 | Investigar | Bow Saw |
| 16:41 | Investigar | Tech 906 |
| 17:05 | Crear | Villager (Male) |
| 17:12 | Crear | Mangonel |
| 17:16 | Construir | House |
| 17:23 | Construir | Fish Trap |
| 17:30 | Construir | Fish Trap |
| 17:41 | Construir | Fish Trap |
| 17:44 | Crear | Villager (Male) |
| 18:10 | Construir | Barracks |
| 18:17 | Crear | Villager (Male) |
| 18:19 | Investigar | Scale Mail Armor |
| 18:22 | Construir | Fish Trap |
| 18:26 | Construir | Fish Trap |
| 18:27 | Crear | Villager (Male) |
| 18:33 | Construir | Stone Wall |
| 18:44 | Crear | Mangonel |
| 19:18 | Crear | Spearman |
| 19:18 | Crear | Spearman |
| 19:19 | Construir | House |
| 19:38 | Crear | Spearman |
| 19:38 | Crear | Spearman |
| 19:53 | Crear | Villager (Male) |
| 19:53 | Crear | Villager (Male) |
| 19:57 | Construir | Town Center |
| 20:26 | Construir | Fish Trap |
| 20:27 | Crear | Villager (Male) |
| 20:29 | Crear | Villager (Male) |
| 20:30 | Crear | Villager (Male) |
| 20:46 | Construir | Fish Trap |
| 20:47 | Crear | Fishing Ship |
| 20:52 | Investigar | Gillnets |
| 20:53 | Crear | Mangonel |
| 21:02 | Construir | House |
| 21:07 | Construir | Town Center |
| 21:31 | Crear | Mangonel |
| 21:36 | Construir | Monastery |
| 21:39 | Crear | Villager (Male) |
| 21:39 | Crear | Villager (Male) |
| 21:57 | Construir | Dock |
| 21:59 | Crear | Fishing Ship |
| 22:05 | Investigar | Gold Shaft Mining |
| 22:08 | Crear | Villager (Male) |
| 22:11 | Crear | Villager (Male) |
| 22:17 | Crear | Villager (Male) |
| 22:20 | Crear | Monk |
| 22:24 | Construir | House |
| 22:30 | Construir | Fish Trap |
| 22:32 | Construir | Fish Trap |
| 22:38 | Construir | Dock |
| 22:39 | Crear | Fishing Ship |
| 22:39 | Crear | Fishing Ship |
| 22:43 | Crear | Villager (Male) |
| 22:48 | Construir | Fish Trap |
| 22:50 | Construir | Farm |
| 23:07 | Crear | Villager (Male) |
| 23:07 | Crear | Villager (Male) |
| 23:14 | Crear | Villager (Male) |
| 23:16 | Crear | Fishing Ship |
| 23:16 | Crear | Fishing Ship |
| 23:22 | Construir | Fish Trap |
| 23:24 | Construir | Fish Trap |
| 23:29 | Construir | Dock |
| 23:30 | Crear | Villager (Male) |
| 23:30 | Crear | Villager (Male) |
| 23:34 | Crear | Mangonel |
| 23:42 | Crear | Villager (Male) |
| 23:46 | Construir | Outpost |
| 23:52 | Investigar | Town Watch |
| 24:00 | Crear | Villager (Male) |
| 24:03 | Crear | Fishing Ship |
| 24:03 | Crear | Fishing Ship |
| 24:03 | Crear | Fishing Ship |
| 24:06 | Construir | Fish Trap |
| 24:15 | Construir | Fish Trap |
| 24:18 | Construir | House |
| 24:19 | Crear | Villager (Male) |
| 24:30 | Crear | Villager (Male) |
| 24:35 | Crear | Fishing Ship |
Build order — Jammy_Dodger95
Primeras 150 de 206 acciones detectadas
| 0:01 | Crear | Villager (Male) |
| 0:02 | Construir | House |
| 0:04 | Construir | House |
| 0:05 | Crear | Villager (Male) |
| 0:06 | Crear | Villager (Male) |
| 0:06 | Crear | Villager (Male) |
| 1:12 | Crear | Villager (Male) |
| 1:12 | Crear | Villager (Male) |
| 1:46 | Construir | Lumber Camp |
| 1:51 | Crear | Villager (Male) |
| 2:12 | Crear | Villager (Male) |
| 2:13 | Crear | Villager (Male) |
| 2:38 | Crear | Villager (Male) |
| 3:10 | Crear | Villager (Male) |
| 3:30 | Crear | Villager (Male) |
| 3:31 | Crear | Villager (Male) |
| 3:33 | Construir | House |
| 4:02 | Crear | Villager (Male) |
| 4:33 | Crear | Villager (Male) |
| 4:40 | Construir | Dock |
| 4:43 | Crear | Villager (Male) |
| 4:43 | Crear | Villager (Male) |
| 5:01 | Crear | Villager (Male) |
| 5:08 | Construir | House |
| 5:14 | Crear | Villager (Male) |
| 5:28 | Crear | Fishing Ship |
| 5:32 | Crear | Villager (Male) |
| 6:03 | Crear | Villager (Male) |
| 6:49 | Crear | Villager (Male) |
| 6:52 | Construir | House |
| 6:55 | Crear | Fishing Ship |
| 7:17 | Crear | Villager (Male) |
| 7:38 | Crear | Villager (Male) |
| 8:13 | Crear | Villager (Male) |
| 8:16 | Crear | Fishing Ship |
| 8:40 | Investigar | Loom |
| 8:45 | Crear | Villager (Male) |
| 8:45 | Crear | Villager (Male) |
| 8:49 | Construir | Mining Camp |
| 9:03 | Investigar | Feudal Age |
| 9:17 | Construir | House |
| 9:37 | Construir | Palisade Wall |
| 9:40 | Construir | Palisade Wall |
| 9:44 | Crear | Villager (Male) |
| 9:49 | Construir | Palisade Wall |
| 10:00 | Construir | Palisade Wall |
| 10:07 | Construir | Palisade Wall |
| 10:13 | Construir | Palisade Wall |
| 10:22 | Crear | Villager (Male) |
| 10:47 | Crear | Fishing Ship |
| 11:15 | Construir | Barracks |
| 11:40 | Construir | Dock |
| 12:11 | Edad | Edad Feudal |
| 12:12 | Construir | Blacksmith |
| 12:25 | Construir | Archery Range |
| 12:30 | Crear | Eagle Scout |
| 12:35 | Investigar | Double-Bit Axe |
| 12:40 | Crear | Fishing Ship |
| 12:49 | Construir | House |
| 13:09 | Investigar | Castle Age |
| 13:36 | Construir | Lumber Camp |
| 13:47 | Crear | Eagle Scout |
| 13:53 | Construir | Fish Trap |
| 13:56 | Construir | Fish Trap |
| 14:23 | Crear | Eagle Scout |
| 14:31 | Crear | Fishing Ship |
| 14:34 | Crear | Fishing Ship |
| 14:54 | Crear | Villager (Male) |
| 14:55 | Crear | Villager (Male) |
| 15:12 | Crear | Eagle Scout |
| 15:29 | Crear | Fishing Ship |
| 15:30 | Crear | Fishing Ship |
| 15:30 | Crear | Fishing Ship |
| 15:33 | Construir | House |
| 15:36 | Construir | House |
| 15:37 | Construir | House |
| 15:38 | Construir | House |
| 15:49 | Edad | Edad de los Castillos |
| 16:14 | Crear | Villager (Male) |
| 16:19 | Construir | Siege Workshop |
| 16:23 | Investigar | Squires |
| 16:24 | Investigar | Squires |
| 16:25 | Investigar | Scale Mail Armor |
| 16:25 | Investigar | Scale Mail Armor |
| 16:34 | Crear | Villager (Male) |
| 16:34 | Crear | Villager (Male) |
| 16:56 | Investigar | Eagle Warrior (upgrade) |
| 17:16 | Construir | Town Center |
| 17:37 | Crear | Eagle Scout |
| 17:42 | Construir | Town Center |
| 17:44 | Crear | Villager (Male) |
| 17:58 | Construir | House |
| 18:08 | Crear | Villager (Male) |
| 18:26 | Crear | Fishing Ship |
| 18:26 | Crear | Fishing Ship |
| 18:26 | Crear | Fishing Ship |
| 18:27 | Crear | Fishing Ship |
| 18:27 | Crear | Fishing Ship |
| 18:27 | Crear | Fishing Ship |
| 18:40 | Crear | Mangonel |
| 18:42 | Crear | Villager (Male) |
| 18:42 | Crear | Villager (Male) |
| 18:43 | Crear | Villager (Male) |
| 18:45 | Crear | Eagle Scout |
| 18:53 | Crear | Villager (Male) |
| 19:01 | Construir | Fish Trap |
| 19:03 | Construir | Fish Trap |
| 19:10 | Construir | Fish Trap |
| 19:11 | Construir | Fish Trap |
| 19:21 | Crear | Eagle Scout |
| 19:37 | Crear | Eagle Scout |
| 19:49 | Construir | Fish Trap |
| 19:53 | Construir | Fish Trap |
| 19:58 | Crear | Eagle Scout |
| 19:58 | Crear | Eagle Scout |
| 20:06 | Crear | Eagle Scout |
| 20:24 | Crear | Villager (Male) |
| 20:29 | Construir | Monastery |
| 20:32 | Crear | Eagle Scout |
| 20:34 | Crear | Villager (Male) |
| 20:36 | Construir | Mill |
| 20:46 | Crear | Villager (Male) |
| 20:46 | Crear | Villager (Male) |
| 20:59 | Construir | Palisade Gate |
| 21:02 | Construir | House |
| 21:31 | Construir | Fish Trap |
| 21:45 | Crear | Monk |
| 21:48 | Crear | Villager (Male) |
| 21:49 | Construir | Market |
| 21:51 | Crear | Villager (Male) |
| 21:51 | Crear | Villager (Male) |
| 21:51 | Crear | Villager (Male) |
| 21:55 | Construir | Palisade Gate |
| 21:56 | Construir | House |
| 22:00 | Construir | Fish Trap |
| 22:01 | Crear | Fishing Ship |
| 22:01 | Crear | Fishing Ship |
| 22:03 | Construir | Fish Trap |
| 22:05 | Construir | Fish Trap |
| 22:09 | Crear | Villager (Male) |
| 22:09 | Crear | Villager (Male) |
| 22:09 | Crear | Villager (Male) |
| 22:17 | Construir | Palisade Gate |
| 22:38 | Construir | Mining Camp |
| 22:41 | Crear | Monk |
| 22:55 | Construir | Gate |
| 23:20 | Crear | Eagle Scout |
| 23:20 | Crear | Eagle Scout |
| 23:21 | Crear | Villager (Male) |
| 23:21 | Crear | Villager (Male) |
Build order — RuFF Holland
Primeras 150 de 218 acciones detectadas
| 0:01 | Crear | Villager (Male) |
| 0:02 | Crear | Villager (Male) |
| 0:02 | Crear | Villager (Male) |
| 0:02 | Crear | Villager (Male) |
| 0:03 | Construir | House |
| 0:05 | Construir | House |
| 1:15 | Construir | Palisade Wall |
| 1:18 | Construir | Palisade Wall |
| 1:19 | Construir | Palisade Wall |
| 1:31 | Crear | Villager (Male) |
| 1:44 | Construir | Palisade Wall |
| 1:48 | Construir | Palisade Wall |
| 1:59 | Crear | Villager (Male) |
| 2:10 | Construir | Lumber Camp |
| 2:25 | Crear | Villager (Male) |
| 2:32 | Construir | Palisade Wall |
| 2:33 | Construir | Palisade Wall |
| 2:39 | Construir | Palisade Wall |
| 3:06 | Construir | Palisade Wall |
| 3:08 | Crear | Villager (Male) |
| 3:19 | Construir | Palisade Wall |
| 3:20 | Construir | Palisade Wall |
| 3:24 | Crear | Villager (Male) |
| 3:34 | Construir | Palisade Wall |
| 3:39 | Construir | Palisade Wall |
| 3:47 | Crear | Villager (Male) |
| 3:55 | Investigar | Loom |
| 4:01 | Construir | Palisade Wall |
| 4:06 | Construir | Palisade Wall |
| 4:09 | Construir | Palisade Wall |
| 4:16 | Construir | Palisade Wall |
| 4:21 | Construir | Palisade Wall |
| 4:26 | Crear | Villager (Male) |
| 4:51 | Crear | Villager (Male) |
| 4:58 | Construir | House |
| 5:01 | Crear | Villager (Male) |
| 5:31 | Construir | House |
| 5:38 | Crear | Villager (Male) |
| 5:48 | Construir | Palisade Wall |
| 5:51 | Construir | Palisade Wall |
| 6:03 | Construir | Palisade Wall |
| 6:05 | Construir | Palisade Wall |
| 6:09 | Crear | Villager (Male) |
| 6:26 | Construir | Palisade Wall |
| 6:27 | Construir | Palisade Wall |
| 6:31 | Construir | Dock |
| 6:33 | Crear | Villager (Male) |
| 6:57 | Crear | Villager (Male) |
| 7:35 | Crear | Villager (Male) |
| 7:37 | Crear | Fishing Ship |
| 7:51 | Crear | Villager (Male) |
| 8:17 | Crear | Villager (Male) |
| 8:43 | Construir | Palisade Wall |
| 8:51 | Crear | Villager (Male) |
| 8:54 | Construir | House |
| 8:56 | Crear | Fishing Ship |
| 8:59 | Crear | Villager (Male) |
| 9:18 | Crear | Villager (Male) |
| 9:35 | Crear | Villager (Male) |
| 9:36 | Crear | Fishing Ship |
| 9:58 | Construir | House |
| 10:09 | Construir | House |
| 10:13 | Crear | Villager (Male) |
| 10:53 | Crear | Villager (Male) |
| 11:24 | Construir | Mining Camp |
| 11:25 | Investigar | Feudal Age |
| 11:49 | Crear | Fishing Ship |
| 12:52 | Crear | Fishing Ship |
| 12:54 | Crear | Villager (Male) |
| 13:36 | Investigar | Castle Age |
| 13:38 | Investigar | Double-Bit Axe |
| 13:40 | Investigar | Gold Mining |
| 14:28 | Construir | Stable |
| 14:48 | Construir | Stable |
| 15:07 | Construir | Mill |
| 15:08 | Crear | Villager (Male) |
| 16:17 | Construir | House |
| 16:18 | Crear | Knight |
| 16:19 | Crear | Knight |
| 16:33 | Crear | Villager (Male) |
| 17:06 | Construir | Stone Wall |
| 17:07 | Crear | Villager (Male) |
| 17:11 | Crear | Knight |
| 17:25 | Construir | Town Center |
| 17:32 | Investigar | Horse Collar |
| 17:33 | Investigar | Bow Saw |
| 17:34 | Crear | Knight |
| 17:46 | Construir | Stone Wall |
| 17:50 | Crear | Villager (Male) |
| 18:01 | Crear | Villager (Male) |
| 18:03 | Crear | Knight |
| 18:22 | Crear | Villager (Male) |
| 18:31 | Crear | Knight |
| 18:36 | Crear | Villager (Male) |
| 18:42 | Construir | Farm |
| 18:44 | Construir | Farm |
| 18:45 | Construir | Farm |
| 18:46 | Crear | Villager (Male) |
| 18:46 | Crear | Villager (Male) |
| 18:54 | Crear | Knight |
| 19:18 | Crear | Villager (Male) |
| 19:23 | Crear | Villager (Male) |
| 19:23 | Crear | Villager (Male) |
| 19:25 | Crear | Villager (Male) |
| 19:29 | Construir | Farm |
| 19:30 | Construir | Farm |
| 19:33 | Construir | House |
| 19:34 | Construir | House |
| 20:03 | Crear | Villager (Male) |
| 20:23 | Crear | Villager (Male) |
| 20:25 | Crear | Knight |
| 20:25 | Crear | Knight |
| 20:25 | Crear | Knight |
| 20:39 | Crear | Villager (Male) |
| 20:42 | Crear | Villager (Male) |
| 20:46 | Crear | Knight |
| 21:01 | Crear | Villager (Male) |
| 21:05 | Construir | Stable |
| 21:08 | Crear | Villager (Male) |
| 21:08 | Crear | Villager (Male) |
| 21:10 | Construir | Town Center |
| 21:14 | Construir | House |
| 21:14 | Construir | House |
| 21:15 | Construir | House |
| 21:24 | Crear | Villager (Male) |
| 21:41 | Crear | Villager (Male) |
| 21:44 | Construir | Blacksmith |
| 21:44 | Construir | Farm |
| 21:45 | Construir | Farm |
| 22:12 | Crear | Knight |
| 22:12 | Crear | Knight |
| 22:17 | Crear | Villager (Male) |
| 22:33 | Crear | Villager (Male) |
| 22:43 | Crear | Villager (Male) |
| 22:46 | Construir | Farm |
| 22:46 | Construir | Farm |
| 22:46 | Construir | Farm |
| 22:46 | Construir | Farm |
| 22:47 | Construir | Farm |
| 22:48 | Crear | Villager (Male) |
| 22:48 | Crear | Villager (Male) |
| 22:50 | Construir | Lumber Camp |
| 22:52 | Construir | Farm |
| 22:52 | Construir | Farm |
| 22:52 | Construir | Farm |
| 22:52 | Construir | Farm |
| 22:53 | Construir | Farm |
| 23:11 | Crear | Villager (Male) |
| 23:13 | Crear | Knight |
| 23:13 | Crear | Knight |
Build order — MatzeAoE
Primeras 150 de 200 acciones detectadas
| 0:01 | Crear | Villager (Male) |
| 0:01 | Crear | Villager (Male) |
| 0:02 | Construir | House |
| 0:04 | Construir | House |
| 0:16 | Crear | Villager (Male) |
| 0:28 | Crear | Villager (Male) |
| 1:38 | Crear | Villager (Male) |
| 1:59 | Crear | Villager (Male) |
| 2:08 | Construir | House |
| 2:19 | Crear | Villager (Male) |
| 2:56 | Crear | Villager (Male) |
| 2:56 | Crear | Villager (Male) |
| 3:02 | Construir | Palisade Wall |
| 3:34 | Crear | Villager (Male) |
| 3:41 | Crear | Villager (Male) |
| 4:00 | Crear | Villager (Male) |
| 4:21 | Construir | Lumber Camp |
| 4:26 | Crear | Villager (Male) |
| 4:32 | Construir | Palisade Wall |
| 4:37 | Crear | Villager (Male) |
| 5:02 | Crear | Villager (Male) |
| 5:08 | Construir | Palisade Wall |
| 5:08 | Construir | Palisade Wall |
| 5:09 | Construir | Palisade Wall |
| 5:09 | Construir | Palisade Wall |
| 5:28 | Crear | Villager (Male) |
| 5:37 | Construir | House |
| 5:43 | Crear | Villager (Male) |
| 6:20 | Construir | Mill |
| 6:28 | Crear | Villager (Male) |
| 6:42 | Crear | Villager (Male) |
| 6:49 | Construir | House |
| 7:02 | Construir | Farm |
| 7:04 | Construir | Farm |
| 7:07 | Construir | Farm |
| 7:09 | Construir | Farm |
| 7:32 | Crear | Villager (Male) |
| 7:47 | Crear | Villager (Male) |
| 7:50 | Construir | House |
| 7:54 | Construir | House |
| 7:57 | Construir | House |
| 8:06 | Construir | Palisade Wall |
| 8:07 | Crear | Villager (Male) |
| 8:13 | Construir | Mining Camp |
| 8:56 | Construir | Farm |
| 9:06 | Investigar | Feudal Age |
| 10:14 | Crear | Villager (Male) |
| 11:21 | Edad | Edad Feudal |
| 11:24 | Construir | Market |
| 11:25 | Construir | Blacksmith |
| 11:33 | Crear | Villager (Male) |
| 12:12 | Investigar | Castle Age |
| 12:12 | Investigar | Castle Age |
| 12:35 | Crear | Villager (Male) |
| 12:41 | Investigar | Double-Bit Axe |
| 13:21 | Construir | House |
| 14:52 | Edad | Edad de los Castillos |
| 14:52 | Construir | Siege Workshop |
| 14:54 | Construir | Monastery |
| 14:58 | Investigar | Bow Saw |
| 15:03 | Investigar | Horse Collar |
| 15:13 | Crear | Villager (Male) |
| 15:27 | Crear | Mangonel |
| 15:33 | Construir | House |
| 15:34 | Crear | Monk |
| 15:40 | Crear | Villager (Male) |
| 15:45 | Construir | House |
| 15:46 | Construir | House |
| 15:48 | Construir | Farm |
| 15:52 | Construir | Farm |
| 15:53 | Construir | Farm |
| 16:01 | Crear | Villager (Male) |
| 16:19 | Crear | Mangonel |
| 16:27 | Crear | Villager (Male) |
| 16:32 | Crear | Monk |
| 16:50 | Construir | Gate |
| 16:51 | Construir | Stone Wall |
| 16:52 | Crear | Villager (Male) |
| 17:05 | Crear | Villager (Male) |
| 17:10 | Construir | Barracks |
| 17:19 | Construir | Stone Wall |
| 17:22 | Construir | Gate |
| 17:34 | Crear | Villager (Male) |
| 17:40 | Crear | Mangonel |
| 17:48 | Crear | Villager (Male) |
| 18:15 | Crear | Villager (Male) |
| 18:24 | Construir | Farm |
| 18:27 | Construir | Town Center |
| 18:29 | Crear | Villager (Male) |
| 18:57 | Crear | Villager (Male) |
| 19:04 | Crear | Scorpion |
| 19:12 | Construir | Lumber Camp |
| 19:16 | Construir | Farm |
| 19:16 | Construir | Farm |
| 19:16 | Construir | Farm |
| 19:16 | Construir | Farm |
| 19:22 | Crear | Villager (Male) |
| 19:27 | Crear | Villager (Male) |
| 19:39 | Crear | Monk |
| 19:40 | Crear | Villager (Male) |
| 20:20 | Crear | Villager (Male) |
| 20:27 | Crear | Villager (Male) |
| 20:34 | Crear | Villager (Male) |
| 20:37 | Crear | Scorpion |
| 20:42 | Crear | Villager (Male) |
| 20:44 | Construir | Mining Camp |
| 20:47 | Construir | Farm |
| 20:47 | Construir | Farm |
| 20:47 | Construir | Farm |
| 20:47 | Construir | Farm |
| 20:48 | Construir | Farm |
| 20:48 | Construir | Farm |
| 20:51 | Crear | Villager (Male) |
| 20:52 | Construir | Farm |
| 20:57 | Construir | House |
| 20:57 | Construir | House |
| 20:58 | Construir | House |
| 20:58 | Construir | House |
| 21:13 | Crear | Villager (Male) |
| 21:13 | Crear | Villager (Male) |
| 21:24 | Crear | Villager (Male) |
| 21:38 | Crear | Monk |
| 21:39 | Crear | Villager (Male) |
| 21:51 | Construir | Siege Workshop |
| 21:52 | Crear | Villager (Male) |
| 21:56 | Crear | Villager (Male) |
| 21:59 | Construir | Farm |
| 22:05 | Investigar | Wheelbarrow |
| 22:18 | Crear | Villager (Male) |
| 22:26 | Crear | Battering Ram |
| 22:42 | Crear | Villager (Male) |
| 22:43 | Crear | Villager (Male) |
| 22:51 | Construir | Stone Wall |
| 22:52 | Crear | Villager (Male) |
| 22:52 | Crear | Villager (Male) |
| 23:00 | Crear | Villager (Male) |
| 23:05 | Crear | Villager (Male) |
| 23:07 | Crear | Villager (Male) |
| 23:17 | Construir | Town Center |
| 23:25 | Construir | House |
| 23:26 | Construir | House |
| 23:26 | Construir | House |
| 23:27 | Construir | House |
| 23:29 | Crear | Villager (Male) |
| 23:38 | Crear | Villager (Male) |
| 23:42 | Crear | Monk |
| 23:50 | Construir | Monastery |
| 23:51 | Crear | Villager (Male) |
| 23:51 | Crear | Villager (Male) |
| 24:06 | Crear | Villager (Male) |
Build order — danger_noodle42
Primeras 150 de 239 acciones detectadas
| 0:00 | Crear | Villager (Male) |
| 0:01 | Crear | Villager (Male) |
| 0:02 | Construir | House |
| 0:03 | Construir | House |
| 0:08 | Crear | Villager (Male) |
| 0:08 | Crear | Villager (Male) |
| 1:19 | Crear | Villager (Male) |
| 1:31 | Crear | Villager (Male) |
| 1:31 | Crear | Villager (Male) |
| 2:03 | Investigar | Loom |
| 2:08 | Crear | Villager (Male) |
| 2:09 | Crear | Villager (Male) |
| 2:20 | Crear | Villager (Male) |
| 2:54 | Crear | Villager (Male) |
| 3:39 | Construir | Palisade Wall |
| 3:43 | Crear | Villager (Male) |
| 3:48 | Crear | Villager (Male) |
| 3:55 | Crear | Villager (Male) |
| 4:15 | Crear | Villager (Male) |
| 4:19 | Construir | House |
| 4:33 | Crear | Villager (Male) |
| 4:54 | Crear | Villager (Male) |
| 5:18 | Construir | Lumber Camp |
| 5:25 | Crear | Villager (Male) |
| 5:36 | Construir | House |
| 6:27 | Construir | Palisade Wall |
| 6:31 | Crear | Villager (Male) |
| 7:08 | Crear | Villager (Male) |
| 7:25 | Crear | Villager (Male) |
| 7:46 | Construir | House |
| 8:03 | Construir | House |
| 8:07 | Crear | Villager (Male) |
| 8:17 | Construir | Mining Camp |
| 8:26 | Crear | Villager (Male) |
| 8:48 | Investigar | Feudal Age |
| 8:48 | Investigar | Feudal Age |
| 9:22 | Construir | Mill |
| 10:07 | Crear | Villager (Male) |
| 10:37 | Crear | Villager (Male) |
| 10:55 | Construir | Palisade Wall |
| 11:01 | Edad | Edad Feudal |
| 11:02 | Construir | Palisade Wall |
| 11:07 | Crear | Villager (Male) |
| 11:16 | Construir | Barracks |
| 11:26 | Construir | House |
| 11:38 | Crear | Villager (Male) |
| 11:50 | Crear | Villager (Male) |
| 11:59 | Crear | Villager (Male) |
| 12:20 | Crear | Villager (Male) |
| 12:29 | Crear | Villager (Male) |
| 12:39 | Crear | Villager (Male) |
| 12:42 | Crear | Villager (Male) |
| 12:47 | Construir | Farm |
| 12:48 | Construir | Farm |
| 12:49 | Crear | Villager (Male) |
| 13:04 | Crear | Villager (Male) |
| 13:05 | Construir | Palisade Wall |
| 13:06 | Construir | Palisade Wall |
| 13:09 | Construir | Palisade Wall |
| 13:12 | Construir | Palisade Wall |
| 13:16 | Construir | Palisade Wall |
| 13:16 | Crear | Villager (Male) |
| 13:19 | Crear | Villager (Male) |
| 13:22 | Crear | Villager (Male) |
| 13:30 | Construir | Farm |
| 13:33 | Construir | Palisade Wall |
| 13:52 | Construir | Stone Wall |
| 13:55 | Construir | Stone Wall |
| 13:58 | Construir | Stone Wall |
| 14:00 | Crear | Villager (Male) |
| 14:10 | Construir | Stone Wall |
| 14:13 | Construir | Stone Wall |
| 14:13 | Crear | Villager (Male) |
| 14:17 | Construir | Farm |
| 14:17 | Construir | Farm |
| 14:17 | Construir | Farm |
| 14:18 | Construir | Farm |
| 14:21 | Crear | Villager (Male) |
| 14:23 | Crear | Villager (Male) |
| 14:26 | Construir | Stone Wall |
| 14:29 | Construir | Watch Tower |
| 14:37 | Construir | Watch Tower |
| 14:40 | Crear | Villager (Male) |
| 14:45 | Construir | Stone Wall |
| 14:46 | Crear | Villager (Male) |
| 14:48 | Crear | Villager (Male) |
| 14:52 | Crear | Villager (Male) |
| 14:54 | Crear | Villager (Male) |
| 15:04 | Investigar | Double-Bit Axe |
| 15:06 | Crear | Villager (Male) |
| 15:08 | Construir | Market |
| 15:10 | Construir | Blacksmith |
| 15:13 | Crear | Villager (Male) |
| 15:20 | Construir | House |
| 15:27 | Crear | Villager (Male) |
| 15:29 | Crear | Villager (Male) |
| 15:33 | Crear | Villager (Male) |
| 15:47 | Crear | Villager (Male) |
| 15:54 | Crear | Villager (Male) |
| 16:03 | Construir | Palisade Wall |
| 16:04 | Crear | Villager (Male) |
| 16:12 | Construir | Mining Camp |
| 16:24 | Construir | Stone Wall |
| 16:31 | Construir | Stone Wall |
| 16:32 | Construir | Stone Wall |
| 16:34 | Construir | Stone Wall |
| 16:34 | Crear | Villager (Male) |
| 16:36 | Construir | Stone Wall |
| 16:49 | Construir | Stone Wall |
| 16:51 | Crear | Villager (Male) |
| 16:56 | Construir | House |
| 17:01 | Construir | Mining Camp |
| 17:07 | Construir | Stone Wall |
| 17:08 | Crear | Villager (Male) |
| 17:12 | Construir | Farm |
| 17:19 | Investigar | Castle Age |
| 17:30 | Construir | Farm |
| 17:47 | Crear | Villager (Male) |
| 18:08 | Construir | Watch Tower |
| 18:09 | Crear | Villager (Male) |
| 18:10 | Crear | Villager (Male) |
| 18:15 | Crear | Villager (Male) |
| 18:28 | Crear | Villager (Male) |
| 18:49 | Crear | Villager (Male) |
| 19:04 | Construir | House |
| 19:06 | Construir | House |
| 19:10 | Construir | Stone Wall |
| 19:12 | Construir | Stone Wall |
| 19:34 | Crear | Villager (Male) |
| 19:35 | Construir | Barracks |
| 19:36 | Crear | Villager (Male) |
| 19:38 | Construir | Palisade Wall |
| 19:39 | Crear | Villager (Male) |
| 19:58 | Crear | Villager (Male) |
| 19:59 | Edad | Edad de los Castillos |
| 20:06 | Construir | Stone Wall |
| 20:11 | Crear | Villager (Male) |
| 20:18 | Construir | Town Center |
| 20:23 | Crear | Villager (Male) |
| 20:31 | Construir | Stone Wall |
| 20:32 | Crear | Villager (Male) |
| 20:46 | Crear | Villager (Male) |
| 21:13 | Crear | Villager (Male) |
| 21:17 | Investigar | Bow Saw |
| 21:31 | Crear | Villager (Male) |
| 21:41 | Crear | Villager (Male) |
| 21:51 | Construir | Town Center |
| 21:51 | Crear | Villager (Male) |
| 22:01 | Crear | Villager (Male) |
| 22:05 | Investigar | Horse Collar |
Build order — Nervkeks
Primeras 150 de 204 acciones detectadas
| 0:03 | Crear | Villager (Male) |
| 0:03 | Crear | Villager (Male) |
| 0:04 | Construir | House |
| 0:05 | Construir | House |
| 0:08 | Crear | Villager (Male) |
| 0:10 | Crear | Villager (Male) |
| 0:48 | Investigar | Loom |
| 0:50 | Crear | Villager (Male) |
| 0:51 | Crear | Villager (Male) |
| 1:39 | Crear | Villager (Male) |
| 2:21 | Construir | Palisade Wall |
| 2:23 | Crear | Villager (Male) |
| 2:41 | Crear | Villager (Male) |
| 2:47 | Construir | Palisade Wall |
| 2:47 | Construir | Palisade Wall |
| 3:10 | Construir | Palisade Wall |
| 3:11 | Construir | Palisade Wall |
| 3:30 | Crear | Villager (Male) |
| 3:30 | Crear | Villager (Male) |
| 3:44 | Construir | Lumber Camp |
| 3:47 | Construir | Palisade Wall |
| 4:06 | Crear | Villager (Male) |
| 4:06 | Crear | Villager (Male) |
| 4:31 | Crear | Villager (Male) |
| 4:32 | Crear | Villager (Male) |
| 4:50 | Crear | Villager (Male) |
| 4:58 | Construir | House |
| 5:15 | Crear | Villager (Male) |
| 5:33 | Crear | Villager (Male) |
| 5:33 | Crear | Villager (Male) |
| 5:58 | Crear | Villager (Male) |
| 5:59 | Crear | Villager (Male) |
| 6:29 | Construir | House |
| 6:36 | Construir | Palisade Wall |
| 6:36 | Construir | Palisade Wall |
| 6:51 | Construir | Palisade Wall |
| 7:02 | Crear | Villager (Male) |
| 7:11 | Construir | Mill |
| 7:36 | Crear | Villager (Male) |
| 7:57 | Investigar | Feudal Age |
| 7:57 | Investigar | Feudal Age |
| 8:10 | Crear | Villager (Male) |
| 8:11 | Crear | Villager (Male) |
| 8:24 | Crear | Villager (Male) |
| 8:39 | Construir | Lumber Camp |
| 9:32 | Construir | Barracks |
| 10:01 | Construir | Mining Camp |
| 10:15 | Edad | Edad Feudal |
| 10:28 | Construir | Palisade Gate |
| 10:30 | Construir | Palisade Gate |
| 10:39 | Investigar | Double-Bit Axe |
| 10:41 | Construir | House |
| 10:42 | Crear | Villager (Male) |
| 10:53 | Crear | Spearman |
| 11:16 | Crear | Villager (Male) |
| 11:23 | Construir | Stone Wall |
| 11:31 | Crear | Villager (Male) |
| 11:34 | Construir | Dock |
| 11:52 | Construir | Dock |
| 11:54 | Construir | Palisade Wall |
| 11:55 | Construir | Palisade Wall |
| 11:56 | Construir | Palisade Wall |
| 12:11 | Crear | Villager (Male) |
| 12:30 | Crear | Villager (Male) |
| 12:31 | Crear | Spearman |
| 12:58 | Crear | Villager (Male) |
| 13:14 | Crear | Spearman |
| 13:21 | Crear | Villager (Male) |
| 13:22 | Crear | Spearman |
| 13:27 | Construir | Pasture |
| 13:30 | Construir | Pasture |
| 13:40 | Investigar | Town Watch |
| 13:41 | Crear | Villager (Male) |
| 14:02 | Construir | Palisade Gate |
| 14:09 | Construir | Watch Tower |
| 14:13 | Crear | Villager (Male) |
| 14:14 | Construir | Pasture |
| 14:27 | Construir | House |
| 14:39 | Construir | Pasture |
| 14:42 | Crear | Villager (Male) |
| 15:06 | Investigar | Tech 1014 |
| 15:09 | Crear | Villager (Male) |
| 15:25 | Construir | Pasture |
| 15:28 | Crear | Villager (Male) |
| 15:57 | Crear | Villager (Male) |
| 15:59 | Construir | House |
| 16:13 | Construir | Pasture |
| 16:16 | Construir | Market |
| 16:25 | Crear | Villager (Male) |
| 16:58 | Crear | Villager (Male) |
| 17:39 | Crear | Villager (Male) |
| 17:42 | Construir | Blacksmith |
| 18:07 | Investigar | Castle Age |
| 18:07 | Investigar | Castle Age |
| 19:06 | Construir | Mining Camp |
| 19:08 | Crear | Villager (Male) |
| 20:47 | Edad | Edad de los Castillos |
| 20:53 | Construir | Gate |
| 21:02 | Crear | Villager (Male) |
| 21:04 | Construir | Town Center |
| 21:09 | Construir | Town Center |
| 21:13 | Investigar | Bow Saw |
| 21:17 | Construir | Town Center |
| 21:19 | Crear | Villager (Male) |
| 21:23 | Construir | Stone Wall |
| 21:35 | Construir | Gate |
| 21:37 | Construir | Stone Wall |
| 21:38 | Construir | Stone Wall |
| 21:39 | Crear | Villager (Male) |
| 21:48 | Construir | Lumber Camp |
| 22:06 | Crear | Villager (Male) |
| 22:08 | Construir | House |
| 22:20 | Construir | Stone Wall |
| 22:29 | Construir | Outpost |
| 22:33 | Crear | Villager (Male) |
| 22:36 | Investigar | Wheelbarrow |
| 22:37 | Crear | Villager (Male) |
| 22:47 | Crear | Villager (Male) |
| 22:49 | Crear | Villager (Male) |
| 22:49 | Crear | Villager (Male) |
| 22:50 | Crear | Villager (Male) |
| 22:57 | Crear | Villager (Male) |
| 22:57 | Crear | Villager (Male) |
| 23:01 | Construir | Stone Wall |
| 23:02 | Crear | Villager (Male) |
| 23:02 | Crear | Villager (Male) |
| 23:05 | Construir | Pasture |
| 23:10 | Construir | Pasture |
| 23:12 | Construir | Pasture |
| 23:15 | Construir | Pasture |
| 23:22 | Crear | Villager (Male) |
| 23:22 | Crear | Villager (Male) |
| 23:30 | Construir | Gate |
| 23:33 | Construir | Stone Wall |
| 23:36 | Crear | Villager (Male) |
| 23:36 | Crear | Villager (Male) |
| 23:45 | Construir | Pasture |
| 23:49 | Crear | Villager (Male) |
| 23:50 | Crear | Villager (Male) |
| 23:55 | Construir | House |
| 23:56 | Construir | House |
| 23:58 | Crear | Villager (Male) |
| 24:03 | Crear | Villager (Male) |
| 24:03 | Crear | Villager (Male) |
| 24:11 | Investigar | Stone Mining |
| 24:11 | Investigar | Stone Mining |
| 24:19 | Investigar | Gold Mining |
| 24:19 | Investigar | Gold Mining |
| 24:21 | Crear | Villager (Male) |
| 24:21 | Crear | Villager (Male) |
Build order — Bobershealer
Primeras 150 de 180 acciones detectadas
| 0:01 | Crear | Villager (Male) |
| 0:01 | Crear | Villager (Male) |
| 0:01 | Crear | Villager (Male) |
| 0:02 | Construir | House |
| 0:03 | Construir | House |
| 0:13 | Crear | Villager (Male) |
| 1:41 | Construir | Palisade Wall |
| 2:06 | Crear | Villager (Male) |
| 2:23 | Crear | Villager (Male) |
| 2:27 | Construir | Palisade Wall |
| 2:47 | Crear | Villager (Male) |
| 3:01 | Construir | Lumber Camp |
| 3:10 | Crear | Villager (Male) |
| 3:35 | Crear | Villager (Male) |
| 3:58 | Crear | Villager (Male) |
| 4:30 | Construir | House |
| 4:31 | Crear | Villager (Male) |
| 4:33 | Crear | Villager (Male) |
| 4:53 | Crear | Villager (Male) |
| 5:10 | Crear | Villager (Male) |
| 5:44 | Crear | Villager (Male) |
| 5:45 | Crear | Villager (Male) |
| 5:56 | Construir | Mill |
| 5:58 | Crear | Villager (Male) |
| 6:02 | Construir | House |
| 6:40 | Crear | Villager (Male) |
| 6:44 | Crear | Villager (Male) |
| 6:55 | Crear | Villager (Male) |
| 7:34 | Crear | Villager (Male) |
| 8:09 | Construir | Mining Camp |
| 8:35 | Crear | Villager (Male) |
| 8:40 | Construir | House |
| 9:04 | Crear | Villager (Male) |
| 9:39 | Crear | Villager (Male) |
| 10:05 | Investigar | Feudal Age |
| 10:06 | Investigar | Feudal Age |
| 10:28 | Construir | Barracks |
| 11:03 | Crear | Villager (Male) |
| 11:24 | Crear | Villager (Male) |
| 12:15 | Edad | Edad Feudal |
| 12:16 | Construir | Stable |
| 12:19 | Construir | Blacksmith |
| 12:57 | Crear | Scout Cavalry |
| 12:58 | Investigar | Castle Age |
| 12:58 | Investigar | Castle Age |
| 13:04 | Construir | House |
| 13:09 | Construir | Stone Wall |
| 13:21 | Crear | Scout Cavalry |
| 13:31 | Construir | House |
| 14:06 | Crear | Scout Cavalry |
| 14:11 | Investigar | Double-Bit Axe |
| 14:15 | Investigar | Horse Collar |
| 15:16 | Construir | Gate |
| 15:28 | Construir | Gate |
| 15:37 | Construir | Palisade Gate |
| 15:45 | Edad | Edad de los Castillos |
| 15:48 | Crear | Villager (Male) |
| 15:48 | Crear | Villager (Male) |
| 15:57 | Construir | Siege Workshop |
| 15:59 | Investigar | Light Cavalry (upgrade) |
| 16:34 | Crear | Mangonel |
| 16:42 | Construir | Palisade Gate |
| 16:47 | Crear | Villager (Male) |
| 16:51 | Construir | Farm |
| 16:52 | Construir | Farm |
| 16:53 | Construir | Farm |
| 16:53 | Construir | House |
| 17:11 | Crear | Mangonel |
| 17:12 | Crear | Villager (Male) |
| 17:13 | Construir | Farm |
| 17:14 | Construir | Farm |
| 17:15 | Construir | Farm |
| 17:27 | Crear | Battering Ram |
| 17:43 | Crear | Villager (Male) |
| 17:46 | Construir | Farm |
| 17:47 | Construir | Farm |
| 18:10 | Crear | Villager (Male) |
| 18:10 | Crear | Villager (Male) |
| 18:12 | Construir | Farm |
| 18:12 | Construir | House |
| 18:30 | Crear | Scout Cavalry |
| 18:30 | Crear | Villager (Male) |
| 18:31 | Crear | Villager (Male) |
| 19:21 | Crear | Scout Cavalry |
| 19:21 | Crear | Scout Cavalry |
| 19:21 | Crear | Scout Cavalry |
| 19:39 | Crear | Knight |
| 19:53 | Crear | Villager (Male) |
| 19:53 | Crear | Villager (Male) |
| 19:55 | Crear | Battering Ram |
| 19:59 | Crear | Villager (Male) |
| 20:06 | Construir | Town Center |
| 20:17 | Crear | Mangonel |
| 20:20 | Crear | Villager (Male) |
| 20:30 | Crear | Villager (Male) |
| 20:33 | Construir | Farm |
| 20:34 | Construir | House |
| 20:35 | Crear | Villager (Male) |
| 20:41 | Investigar | Bow Saw |
| 20:42 | Investigar | Bow Saw |
| 21:00 | Crear | Villager (Male) |
| 21:03 | Crear | Villager (Male) |
| 21:04 | Construir | Farm |
| 21:06 | Construir | Farm |
| 21:06 | Crear | Villager (Male) |
| 21:29 | Crear | Villager (Male) |
| 21:43 | Crear | Villager (Male) |
| 21:46 | Construir | Farm |
| 21:48 | Construir | Market |
| 22:08 | Crear | Villager (Male) |
| 22:22 | Crear | Knight |
| 22:28 | Construir | Farm |
| 22:29 | Construir | Farm |
| 22:36 | Crear | Villager (Male) |
| 22:43 | Construir | Town Center |
| 22:45 | Crear | Villager (Male) |
| 23:00 | Construir | Farm |
| 23:02 | Construir | Farm |
| 23:03 | Crear | Villager (Male) |
| 23:04 | Crear | Villager (Male) |
| 23:05 | Construir | House |
| 23:05 | Construir | House |
| 23:08 | Investigar | Heavy Plow |
| 23:10 | Crear | Villager (Male) |
| 23:26 | Crear | Villager (Male) |
| 23:28 | Construir | Farm |
| 23:30 | Construir | Farm |
| 23:31 | Construir | House |
| 23:39 | Crear | Villager (Male) |
| 23:45 | Construir | Farm |
| 23:58 | Crear | Villager (Male) |
| 24:01 | Crear | Villager (Male) |
| 24:04 | Construir | Farm |
| 24:06 | Construir | Farm |
| 24:08 | Crear | Villager (Male) |
| 24:08 | Crear | Villager (Male) |
| 24:20 | Crear | Villager (Male) |
| 24:23 | Construir | House |
| 24:24 | Construir | House |
| 24:25 | Crear | Villager (Male) |
| 24:25 | Crear | Villager (Male) |
| 24:45 | Crear | Villager (Male) |
| 24:45 | Crear | Villager (Male) |
| 24:47 | Construir | Farm |
| 24:48 | Crear | Villager (Male) |
| 24:58 | Crear | Villager (Male) |
| 25:00 | Construir | Farm |
| 25:01 | Construir | Farm |
| 25:02 | Construir | Farm |
| 25:14 | Crear | Villager (Male) |
Cronología de la partida
| 0:43 | babelfisch · wall_segment Palisade Wall x5 |
| 1:15 | babelfisch · wall_segment Palisade Wall x5 |
| 1:15 | RuFF Holland · wall_segment Palisade Wall x1 |
| 1:18 | RuFF Holland · wall_segment Palisade Wall x1 |
| 1:18 | babelfisch · wall_segment Palisade Wall x1 |
| 1:19 | RuFF Holland · wall_segment Palisade Wall x1 |
| 1:22 | babelfisch · wall_segment Palisade Wall x1 |
| 1:24 | babelfisch · wall_segment Palisade Wall x1 |
| 1:25 | babelfisch · wall_segment Palisade Wall x1 |
| 1:41 | Bobershealer · wall_segment Palisade Wall x7 |
| 1:44 | RuFF Holland · wall_segment Palisade Wall x1 |
| 1:48 | RuFF Holland · wall_segment Palisade Wall x1 |
| 2:21 | Nervkeks · wall_segment Palisade Wall x5 |
| 2:27 | Bobershealer · wall_segment Palisade Wall x11 |
| 2:32 | RuFF Holland · wall_segment Palisade Wall x1 |
| 2:33 | RuFF Holland · wall_segment Palisade Wall x1 |
| 2:39 | RuFF Holland · wall_segment Palisade Wall x1 |
| 2:47 | Nervkeks · wall_segment Palisade Wall x1 |
| 2:47 | Nervkeks · wall_segment Palisade Wall x1 |
| 3:02 | MatzeAoE · wall_segment Palisade Wall x7 |
| 3:06 | RuFF Holland · wall_segment Palisade Wall x2 |
| 3:10 | Nervkeks · wall_segment Palisade Wall x1 |
| 3:11 | Nervkeks · wall_segment Palisade Wall x1 |
| 3:19 | RuFF Holland · wall_segment Palisade Wall x1 |
| 3:20 | RuFF Holland · wall_segment Palisade Wall x1 |
| 3:34 | RuFF Holland · wall_segment Palisade Wall x1 |
| 3:39 | RuFF Holland · wall_segment Palisade Wall x1 |
| 3:39 | danger_noodle42 · wall_segment Palisade Wall x9 |
| 3:47 | Nervkeks · wall_segment Palisade Wall x1 |
| 4:01 | RuFF Holland · wall_segment Palisade Wall x2 |
| 4:03 | babelfisch · wall_segment Palisade Wall x8 |
| 4:06 | RuFF Holland · wall_segment Palisade Wall x1 |
| 4:09 | RuFF Holland · wall_segment Palisade Wall x1 |
| 4:16 | RuFF Holland · wall_segment Palisade Wall x1 |
| 4:21 | RuFF Holland · wall_segment Palisade Wall x1 |
| 4:31 | MembTV · first_building Dock |
| 4:32 | MatzeAoE · wall_segment Palisade Wall x3 |
| 4:37 | babelfisch · wall_segment Palisade Wall x1 |
| 4:40 | Jammy_Dodger95 · first_building Dock |
| 4:40 | babelfisch · wall_segment Palisade Wall x1 |
| 4:41 | babelfisch · wall_segment Palisade Wall x1 |
| 4:41 | babelfisch · wall_segment Palisade Wall x1 |
| 4:49 | babelfisch · wall_segment Palisade Wall x1 |
| 4:53 | babelfisch · wall_segment Palisade Wall x1 |
| 4:54 | babelfisch · wall_segment Palisade Wall x1 |
| 4:56 | babelfisch · wall_segment Palisade Wall x1 |
| 5:03 | babelfisch · wall_segment Palisade Wall x1 |
| 5:08 | MatzeAoE · wall_segment Palisade Wall x1 |
| 5:08 | MatzeAoE · wall_segment Palisade Wall x1 |
| 5:09 | MatzeAoE · wall_segment Palisade Wall x1 |
| 5:09 | MatzeAoE · wall_segment Palisade Wall x1 |
| 5:12 | babelfisch · wall_segment Palisade Wall x1 |
| 5:33 | babelfisch · wall_segment Palisade Wall x1 |
| 5:34 | babelfisch · wall_segment Palisade Wall x1 |
| 5:35 | babelfisch · wall_segment Palisade Wall x1 |
| 5:35 | babelfisch · wall_segment Palisade Wall x1 |
| 5:48 | RuFF Holland · wall_segment Palisade Wall x1 |
| 5:51 | RuFF Holland · wall_segment Palisade Wall x8 |
| 6:03 | RuFF Holland · wall_segment Palisade Wall x1 |
| 6:05 | RuFF Holland · wall_segment Palisade Wall x2 |
| 6:26 | RuFF Holland · wall_segment Palisade Wall x1 |
| 6:27 | RuFF Holland · wall_segment Palisade Wall x1 |
| 6:27 | danger_noodle42 · wall_segment Palisade Wall x6 |
| 6:31 | RuFF Holland · first_building Dock |
| 6:36 | Nervkeks · wall_segment Palisade Wall x3 |
| 6:36 | Nervkeks · wall_segment Palisade Wall x1 |
| 6:51 | Nervkeks · wall_segment Palisade Wall x1 |
| 8:06 | MatzeAoE · wall_segment Palisade Wall x1 |
| 8:43 | RuFF Holland · wall_segment Palisade Wall x7 |
| 9:11 | babelfisch · wall_segment Palisade Wall x9 |
| 9:32 | Nervkeks · first_building Barracks |
| 9:37 | Jammy_Dodger95 · wall_segment Palisade Wall x1 |
| 9:40 | Jammy_Dodger95 · wall_segment Palisade Wall x1 |
| 9:49 | Jammy_Dodger95 · wall_segment Palisade Wall x1 |
| 9:51 | babelfisch · first_building Dock |
| 10:00 | Jammy_Dodger95 · wall_segment Palisade Wall x1 |
| 10:07 | Jammy_Dodger95 · wall_segment Palisade Wall x1 |
| 10:11 | babelfisch · wall_segment Palisade Wall x1 |
| 10:11 | babelfisch · wall_segment Palisade Wall x10 |
| 10:13 | Jammy_Dodger95 · wall_segment Palisade Wall x1 |
| 10:15 | Nervkeks · age_up feudal |
| 10:28 | Bobershealer · first_building Barracks |
| 10:55 | danger_noodle42 · wall_segment Palisade Wall x1 |
| 11:01 | danger_noodle42 · age_up feudal |
| 11:02 | danger_noodle42 · wall_segment Palisade Wall x4 |
| 11:15 | Jammy_Dodger95 · first_building Barracks |
| 11:16 | danger_noodle42 · first_building Barracks |
| 11:21 | MatzeAoE · age_up feudal |
| 11:23 | Nervkeks · wall_segment Stone Wall x11 |
| 11:34 | Nervkeks · first_building Dock |
| 11:47 | MembTV · wall_segment Palisade Wall x6 |
| 11:53 | babelfisch · wall_segment Palisade Wall x1 |
| 11:53 | babelfisch · wall_segment Palisade Wall x1 |
| 11:54 | Nervkeks · wall_segment Palisade Wall x1 |
| 11:54 | babelfisch · wall_segment Palisade Wall x1 |
| 11:54 | babelfisch · wall_segment Palisade Wall x1 |
| 11:54 | MembTV · age_up feudal |
| 11:55 | Nervkeks · wall_segment Palisade Wall x1 |
| 11:56 | babelfisch · wall_segment Palisade Wall x1 |
| 11:56 | Nervkeks · wall_segment Palisade Wall x1 |
| 11:56 | babelfisch · wall_segment Palisade Wall x1 |
| 12:11 | Jammy_Dodger95 · age_up feudal |
| 12:15 | Bobershealer · age_up feudal |
| 12:16 | Bobershealer · first_building Stable |
| 12:25 | Jammy_Dodger95 · first_building Archery Range |
| 13:05 | danger_noodle42 · wall_segment Palisade Wall x1 |
| 13:06 | danger_noodle42 · wall_segment Palisade Wall x1 |
| 13:09 | Bobershealer · wall_segment Stone Wall x8 |
| 13:09 | danger_noodle42 · wall_segment Palisade Wall x1 |
| 13:12 | danger_noodle42 · wall_segment Palisade Wall x1 |
| 13:16 | danger_noodle42 · wall_segment Palisade Wall x1 |
| 13:33 | danger_noodle42 · wall_segment Palisade Wall x2 |
| 13:52 | danger_noodle42 · wall_segment Stone Wall x1 |
| 13:55 | danger_noodle42 · wall_segment Stone Wall x1 |
| 13:58 | danger_noodle42 · wall_segment Stone Wall x4 |
| 14:10 | danger_noodle42 · wall_segment Stone Wall x1 |
| 14:13 | danger_noodle42 · wall_segment Stone Wall x1 |
| 14:26 | danger_noodle42 · wall_segment Stone Wall x1 |
| 14:28 | RuFF Holland · first_building Stable |
| 14:45 | danger_noodle42 · wall_segment Stone Wall x9 |
| 14:46 | babelfisch · age_up feudal |
| 14:48 | babelfisch · first_building Barracks |
| 14:52 | MatzeAoE · age_up castle |
| 14:52 | MatzeAoE · first_building Siege Workshop |
| 14:54 | MatzeAoE · first_building Monastery |
| 15:06 | babelfisch · wall_segment Stone Wall x1 |
| 15:07 | babelfisch · wall_segment Stone Wall x1 |
| 15:08 | babelfisch · wall_segment Stone Wall x11 |
| 15:26 | babelfisch · wall_segment Stone Wall x8 |
| 15:45 | Bobershealer · age_up castle |
| 15:49 | Jammy_Dodger95 · age_up castle |
| 15:50 | MembTV · age_up castle |
| 15:57 | Bobershealer · first_building Siege Workshop |
| 15:59 | babelfisch · wall_segment Stone Wall x5 |
| 16:01 | MembTV · first_building Siege Workshop |
| 16:03 | danger_noodle42 · wall_segment Palisade Wall x10 |
| 16:09 | MembTV · first_building Barracks |
| 16:18 | MatzeAoE · first_market_sell 100 food |
| 16:19 | Jammy_Dodger95 · first_building Siege Workshop |
| 16:24 | danger_noodle42 · wall_segment Stone Wall x1 |
| 16:31 | danger_noodle42 · wall_segment Stone Wall x1 |
| 16:32 | danger_noodle42 · wall_segment Stone Wall x1 |
| 16:34 | danger_noodle42 · wall_segment Stone Wall x1 |
| 16:36 | danger_noodle42 · wall_segment Stone Wall x1 |
| 16:47 | danger_noodle42 · first_market_buy 100 stone |
| 16:49 | danger_noodle42 · wall_segment Stone Wall x1 |
| 16:51 | MatzeAoE · wall_segment Stone Wall x3 |
| 16:52 | babelfisch · wall_segment Stone Wall x1 |
| 17:06 | RuFF Holland · wall_segment Stone Wall x6 |
| 17:07 | danger_noodle42 · wall_segment Stone Wall x8 |
| 17:10 | MatzeAoE · first_building Barracks |
| 17:18 | danger_noodle42 · first_market_sell 100 wood |
| 17:19 | MatzeAoE · wall_segment Stone Wall x6 |
| 17:29 | Nervkeks · first_market_buy 100 food |
| 17:46 | RuFF Holland · wall_segment Stone Wall x1 |
| 18:28 | babelfisch · wall_segment Stone Wall x3 |
| 18:30 | babelfisch · wall_segment Stone Wall x4 |
| 18:33 | MembTV · wall_segment Stone Wall x7 |
| 19:10 | danger_noodle42 · wall_segment Stone Wall x1 |
| 19:12 | danger_noodle42 · wall_segment Stone Wall x1 |
| 19:38 | danger_noodle42 · wall_segment Palisade Wall x1 |
| 19:59 | danger_noodle42 · age_up castle |
| 20:06 | danger_noodle42 · wall_segment Stone Wall x1 |
| 20:29 | Jammy_Dodger95 · first_building Monastery |
| 20:29 | babelfisch · age_up castle |
| 20:31 | danger_noodle42 · wall_segment Stone Wall x10 |
| 20:47 | Nervkeks · age_up castle |
| 21:01 | Nervkeks · first_market_sell 100 food |
| 21:23 | Nervkeks · wall_segment Stone Wall x1 |
| 21:29 | MembTV · first_market_buy 100 wood |
| 21:36 | MembTV · first_building Monastery |
| 21:37 | Nervkeks · wall_segment Stone Wall x1 |
| 21:38 | Nervkeks · wall_segment Stone Wall x1 |
| 22:07 | babelfisch · first_market_buy 100 food |
| 22:20 | Nervkeks · wall_segment Stone Wall x1 |
| 22:41 | Bobershealer · first_market_buy 100 stone |
| 22:50 | Jammy_Dodger95 · first_market_buy 100 stone |
| 22:51 | MatzeAoE · wall_segment Stone Wall x9 |
| 23:01 | Nervkeks · wall_segment Stone Wall x1 |
| 23:33 | Nervkeks · wall_segment Stone Wall x1 |
| 25:04 | Nervkeks · wall_segment Stone Wall x8 |
| 25:36 | Bobershealer · wall_segment Stone Wall x11 |
| 25:49 | babelfisch · first_building Monastery |
| 26:21 | MatzeAoE · wall_segment Palisade Wall x1 |
| 26:22 | MatzeAoE · wall_segment Palisade Wall x1 |
| 26:23 | MatzeAoE · wall_segment Palisade Wall x1 |
| 27:18 | Bobershealer · resign |
| 27:25 | danger_noodle42 · wall_segment Stone Wall x13 |
[ ANÁLISIS IA · 1 CRÉDITO ]
¿Qué pasó realmente en esta partida?
Wolo.gg analiza cada decisión: build order, eco, micro, errores típicos por bracket. Análisis personalizado por WhatsApp o Discord en 30 segundos.
Guía civ
Armenios
Perfil
Jugador #5690585